 Dungeon Crawl Stone Soup version 0.31.0-9-g3a7656b989 (webtiles) character file.

Game seed: 11052426222653641613

295 Chiseanne the Trooper (level 6, 0/48 HPs)
             Began as a Demonspawn Wanderer on Feb 3, 2024.
             Incinerated by a bombardier beetle (4 damage)
             ... with a burning spray
             ... on level 4 of the Dungeon.
             The game lasted 00:05:39 (2319 turns).

Chiseanne the Trooper (Demonspawn Wanderer)         Turns: 2319, Time: 00:05:40

Health: 0/48       AC: 12    Str: 11 (12) XL:     6   Next: 11%
Magic:  6/6        EV: 12    Int: 11 (13) God:
Gold:   272        SH:  5    Dex: 23      Spells: 5/5 levels left

rFire   . . .        a - +2 mace
rCold   . . .        k - +0 buckler
rNeg    . . .        i - +0 ring mail "Civauram" {Dex+9}
rPois   .            (no helmet)
rElec   .            r - +1 cloak
rCorr   +            l - +2 pair of gloves
SInv    .            c - +0 pair of boots
Will    .....        (no amulet)
Stlth   +            h - ring of resist corrosion
HPRegen 0.28/turn    (no ring)
MPRegen 0.10/turn

%: no passive effects
@: on fire, glowing
A: spiny 2
a: no special abilities


You were on level 4 of the Dungeon.
You visited 1 branch of the dungeon, and saw 4 of its levels.

You collected 272 gold pieces.

Inventory:

Hand Weapons
 a - a +2 mace (weapon)
 b - a +0 quarterstaff
 n - a +0 dagger of venom
Missiles
 m - 21 stones (quivered)
 q - 4 poisoned darts
Armour
 c - a +0 pair of boots (worn)
 i - the +0 ring mail "Civauram" (worn) {Dex+9}
   (You found it on level 2 of the Dungeon)

   Dex+9:     It affects your dexterity (+9).
 k - a +0 buckler (worn)
 l - a +2 pair of gloves (worn)
 r - a +1 cloak (worn)
Jewellery
 h - a ring of resist corrosion (left hand)
Talismans
 p - a serpent talisman
Wands
 e - a wand of flame (6)
Scrolls
 d - a scroll of fog
 f - 3 scrolls of teleportation
 j - 4 scrolls of identify
 s - a scroll of blinking
Potions
 g - 2 potions of ambrosia
 o - a potion of resistance


   Skills:
 * Level 4.1 Fighting
 - Level 2.6(3.0) Maces & Flails
 - Level 1.7(2.5) Staves
 * Level 3.0 Armour
 * Level 3.6 Dodging
 - Level 1.0 Stealth


You had 5 spell levels left.
You didn't know any spells.
Your spell library contained the following spells:

 Spells                   Type           Power      Damage    Failure   Level
 Shock                    Conj/Air       0%         1d3       77%         1
 Lesser Beckoning         Tloc           0%         N/A       88%         2
 Fugue of the Fallen      Necr           0%         N/A       98%         3
 Swiftness                Air            0%         N/A       98%         3
 Airstrike                Air            0%         2d(0-16)  100%        4
 Dimensional Bullseye     Hex/Tloc       0%         N/A       100%        4
 Summon Blazeheart Golem  Fire/Summ      0%         N/A       100%        4
 Borgnjor's Vile Clutch   Necr/Erth      0%         N/A       100%        5
 Death Channel            Necr           0%         N/A       100%        6
 Orb of Destruction       Conj           0%         9d5       100%        7
 Spellforged Servitor     Conj/Summ      0%         N/A       100%        7


Dungeon Overview and Level Annotations

Branches:
Dungeon (4/15)
 Temple: D:4-7

Altars:
Vehumet

Shops:
D:2 !

Annotations:
D:3 Sigmund


Innate Abilities, Weirdness & Mutations

You are mostly covered in sharp spines.


Message History

The bombardier beetle bites you but does no damage.
You sock the bombardier beetle!
The bombardier beetle is severely wounded.
The liquid fire burns you!
The ribbon worm expels a string of sticky webbing.
The stream of webbing misses you.
You hit the bombardier beetle.
You kill the bombardier beetle!
The liquid fire burns you!
The ribbon worm is struck by your spines.
The ribbon worm barely misses you.
You feel your strength returning.
Your Armour skill increases to level 3!
You hit the ribbon worm.
The ribbon worm is moderately wounded.
The liquid fire burns you!
The ribbon worm expels a string of sticky webbing.
You block the stream of webbing.
You barely miss the ribbon worm.
The ribbon worm is moderately wounded.
The liquid fire burns you!
The ribbon worm is struck by your spines.
The ribbon worm closely misses you.
You hit the ribbon worm.
The ribbon worm is almost dead.
The liquid fire burns you!
* * * LOW HITPOINT WARNING * * *
You block the ribbon worm's attack.
The ribbon worm is struck by your spines.
The ribbon worm barely misses you.
You barely miss the ribbon worm.
The ribbon worm is almost dead.
The liquid fire burns you!
* * * LOW HITPOINT WARNING * * *
The ribbon worm expels a string of sticky webbing.
The stream of webbing hits you but does no damage.
You are caught in a web!
The web tears apart.
The liquid fire burns you!
You die...

#.#.#.## #.....<.
###...#. ####+#
######.#. .....#
#........ ##.$.$.
#.####.#. #..#.# #..#.
########.$.# #...#
+......'@w# #....
####'####..$..# #.#.#
##....##...## #.#.#
##......##.## #.#.#
#..#..#..### #.#.#
#.).##...# ##.#.#
#...##...# .#.#.#
#.)#..#[.### )#.#.#
##......##.#######.#.#.#


You could see a ribbon worm (catching breath).

Vanquished Creatures
  A water moccasin (D:4)
  A bombardier beetle (D:4)
  Ijyb (D:3)
  An iguana (D:2)
  4 adders
  A ribbon worm (D:2)
  2 dart slugs
  An orc (D:4)
  7 ball pythons
  5 bats
  6 endoplasms
  4 giant cockroaches
  7 goblins
  12 hobgoblins
  2 jackals (D:1)
  5 frilled lizards
  5 kobolds
  2 rats
67 creatures vanquished.

Notes
Turn   | Place    | Note
-------+----------+-------------------------------------------
     0 | D:1      | Chiseanne the Demonspawn Wanderer began the quest for the
                  | Orb.
     0 | D:1      | Chiseanne set off with the following items: a +2 mace, a +0
                  | quarterstaff, a +0 pair of boots, a scroll of fog, a +0
                  | robe.
     0 | D:1      | Reached XP level 1. HP: 16/16 MP: 1/1
   181 | D:1      | Gained mutation: You are partially covered in sharp spines.
                  | [demonic ancestry]
   181 | D:1      | Reached XP level 2. HP: 22/22 MP: 2/2
   217 | D:1      | Reached skill level 1 in Armour
   403 | D:1      | Reached XP level 3. HP: 25/28 MP: 3/3
   427 | D:1      | Found a faded altar of an unknown god.
  1022 | D:2      | Found Umpa's Distillery.
  1138 | D:2      | Reached skill level 3 in Fighting
  1138 | D:2      | Reached XP level 4. HP: 20/35 MP: 4/4
  1219 | D:2      | Got Jagats's Codex of Shifting and Mortification
  1311 | D:2      | Identified the +0 ring mail "Civauram" {Dex+9}
  1541 | D:2      | Chiseanne: oh look! so much stuff! ..you idiots
  1541 | D:2      | Chiseanne: I know excactly what is gonna happen because you
                  | suck so bad you fuckers
  1845 | D:3      | Found a radiant altar of Vehumet.
  1845 | D:3      | Noticed Ijyb
  1873 | D:3      | HP: 1/52 [poisoned by Ijyb]
  1874 | D:3      | Chiseanne: what did I say ? you disgusting pieves of
                  | cowdung FUCK OFF AND DIE
  1874 | D:3      | Chiseanne: I WISH YOU CANCER YOU IDIOTs
  1885 | D:3      | Killed Ijyb
  1886 | D:3      | Gained mutation: You are mostly covered in sharp spines.
                  | [demonic ancestry]
  1886 | D:3      | Reached XP level 5. HP: 12/41 MP: 5/5
  2088 | D:3      | Noticed Sigmund
  2119 | D:4      | Noticed a water moccasin
  2125 | D:4      | Killed a water moccasin
  2126 | D:4      | Reached skill level 4 in Fighting
  2274 | D:4      | Reached XP level 6. HP: 45/48 MP: 6/6
  2319 | D:4      | Incinerated by a bombardier beetle

Illustrated notes

Levels and vault maps discovered:
D:1:      matt_arrival_grand_opening, layout_loops_cross,
          basic_ecumenical_altar, dreamdust_wishing_well
D:2:      layout_rooms, serial_shops, shop, minmay_diced_spiral
D:3:      layout_rooms, fiery_altar_vehumet, lemuel_doored_altar,
          dreamdust_princess_corridor, minmay_misc_feat_encased, uniq_ijyb,
          uniq_sigmund
D:4:      minmay_polygon_palace, layout_basic,
          mainiacjoe_overflow_six_doors_small

Skill      XL: |  1  2  3  4  5  6 |
---------------+-------------------+-----
Dodging        | 2 3 |  3.6
Armour         | 1 2 3 |  3.0
Fighting       | 3 4 |  4.1
Maces & Flails | |  2.6
Staves         | |  1.7
Stealth        | |  1.0

Action                     |  1- 3 |  4- 6 || total
---------------------------+-------+-------++-------
  Melee: Mace              |    83 |    65 ||   148
    Use: Scroll            |     7 |     3 ||    10
         Potion            |       |     3 ||     3
   Stab: Sleeping          |       |     1 ||     1
 Armour: Ring mail         |    51 |    28 ||    79
         Skin              |       |    15 ||    15
  Dodge: Dodged            |    41 |    19 ||    60
  Block: Buckler           |     5 |    13 ||    18
